 Dungeon Crawl Stone Soup version 0.27.0-1-g7a089689b8 (webtiles) character file.

Game seed: 12969521226216379936

118 Descartes the Covert (level 4, -1/23 HPs)
             Began as a Spriggan Delver on Aug 14, 2021.
             Succumbed to an adder's poison
             ... on level 5 of the Dungeon.
             The game lasted 00:00:54 (88 turns).

Descartes the Covert (Spriggan Delver)                Turns: 88, Time: 00:00:55

Health: -1/23      AC:  2    Str:  9    XL:     4   Next: 72%
Magic:  5/5        EV: 17    Int: 11    God:
Gold:   0          SH:  0    Dex: 16    Spells: 3/3 levels left

rFire    . . .     SeeInvis +   a - +0 short sword
rCold    . . .     Faith    .   (shield restricted)
rNeg     . . .     Spirit   .   b - +0 robe
rPois    .         Reflect  .   (helmet restricted)
rElec    .         Harm     .   (no cloak)
rCorr    .         Rampage  .   (gloves unavailable)
Will     .....                  (boots unavailable)
Stlth    +++++.....             (no amulet)
HPRegen  0.07/turn              (no ring)
MPRegen  0.09/turn              (no ring)

@: lethally poisoned (-1 -> -8), hasted, very quick
A: very small, no large weapons, unfitting armour, see invisible, speed 3
a: no special abilities


You were on level 5 of the Dungeon.
You visited 1 branch of the dungeon, and saw 1 of its levels.

Inventory:

Hand Weapons
 a - a +0 short sword (weapon)
Armour
 b - a +0 robe (worn)
Wands
 g - a wand of digging (3)
Scrolls
 c - a scroll of fog
 d - a scroll of magic mapping
 e - a scroll of fear


   Skills:
 - Level 2.4 Fighting
 - Level 2.1 Short Blades
 - Level 2.6 Dodging
 + Level 10.2 Stealth


You had 3 spell levels left.
You didn't know any spells.
Your spell library was empty.

Dungeon Overview and Level Annotations

Branches:
Dungeon (5/15)
 Temple: D:4-7

Altars:


Innate Abilities, Weirdness & Mutations

You are very small and have problems with some larger weapons.
You are too small for most types of armour.
You have supernaturally acute eyesight. (SInv)
You cover ground extremely quickly. (Speed+++)


Message History

You have reached level 3!
Your experience leads to an increase in your attributes!
Increase (S)trength, (I)ntelligence, or (D)exterity?
You feel stronger.
You have reached level 4!
There is an escape hatch in the floor here.
Found a stone staircase leading down.
An adder comes into view.
A white imp comes into view.
The white imp shouts, "Back with thee, thou artless limp-willed simpleton!"
The adder misses you.
You closely miss the adder. The adder bites you but does no damage.
You hit the adder.
The adder is moderately wounded.
The adder completely misses you.
You closely miss the adder.
The adder is moderately wounded.
The adder closely misses you. The adder barely misses you.
You miss the adder.
The adder is moderately wounded.
The white imp hits you but does no damage.
The adder bites you.
You are poisoned.
The adder poisons you!
You hit the adder.
The adder is moderately wounded.
You feel sick. The adder bites you.
You are more poisoned.
The adder poisons you!
The white imp sputters.
The white imp hits you. The white imp freezes you.
* * * LOW HITPOINT WARNING * * *
* * * LOW HITPOINT WARNING * * *
You feel sick.
* * * LOW HITPOINT WARNING * * *
You feel sick. The white imp gestures at you. The puff of frost misses you.
You feel yourself speed up.
You die...

#### ###... #.#. ....#
.... ###..####.^# #..#
#....5...... #..#
#.#.S####.## #...
.##.#.@####.# #..#
#............# #..#
####......###########...
#......#.......#.>...
#....>.#.......#.#...
##.....#.......#.#...
#.....#.............
###.###.......#.##..
#..# #.......#.#...


You could see an adder and a white imp.

Vanquished Creatures
  Menkaure (D:5)
1 creature vanquished.

Notes
Turn   | Place    | Note
-------+----------+-------------------------------------------
     0 | D:5      | Descartes the Spriggan Delver began the quest for the Orb.
     0 | D:5      | Reached XP level 1. HP: 11/11 MP: 2/2
    24 | D:5      | Noticed Menkaure
    31 | D:5      | Killed Menkaure
    31 | D:5      | Noticed an ogre
    32 | D:5      | Reached skill level 10 in Stealth
    32 | D:5      | Reached XP level 2. HP: 16/16 MP: 3/3
    32 | D:5      | Reached XP level 3. HP: 19/19 MP: 4/4
    32 | D:5      | Reached XP level 4. HP: 23/23 MP: 5/5
    87 | D:5      | HP: 1/23 [poisoned by an adder]
    88 | D:5      | Succumbed to an adder's poison

Illustrated notes

Levels and vault maps discovered:
D:5:      layout_loops_cross, nicolae_uskayaw_suspiria, uniq_menkaure

Skill      XL: |  1 |
---------------+----+-----
Stealth        | 10 | 10.2
Fighting       | |  2.4
Short Blades   | |  2.1
Dodging        | |  2.6

Action                   |  1- 3 |  4- 6 || total
-------------------------+-------+-------++-------
Melee: Short sword       |     1 |     5 ||     6
  Use: Potion            |       |     1 ||     1
 Stab: Sleeping          |     1 |       ||     1
Armor: Robe              |       |     2 ||     2
Dodge: Dodged            |       |     5 ||     5
